 Dungeon Crawl Stone Soup version 0.18.1-48-g4cf74bf (webtiles) character file.

378 Jerry the Insei (level 6, -9/42 HPs)
             Began as an Octopode Monk on Aug 10, 2016.
             Mangled by an ogre
             ... wielding a +0 giant spiked club
              (21 damage)
             ... on level 5 of the Dungeon.
             The game lasted 00:11:52 (3902 turns).

Jerry the Insei (Octopode Monk)                     Turns: 3902, Time: 00:11:53

Health: -9/42      AC: 10    Str: 11    XL:     6   Next: 74%
Magic:  6/6        EV: 15    Int: 12    God:
Gold:   397        SH:  0    Dex: 16    Spells: 0 memorised, 5 levels left

rFire  . . .     SeeInvis .     d - +2 mace (protect)
rCold  . . .     Gourm    .     (no shield)
rNeg   . . .     Faith    .     (helmet restricted)
rPois  .         Spirit   .     g - amulet of regeneration
rElec  .         Dismiss  .     u - ring of teleportation (curse)
rCorr  .         Reflect  .     e - ring of wizardry
SustAt .         Harm     .     h - +4 ring of protection
MR     .....     Rnd*Tele +     (no ring)
Stlth  +++.......               (no ring)
                                (no ring)
                                (no ring)
                                (no ring)

@: not resistant to hostile enchantments, fairly stealthy
A: almost no armour, amphibious, 8 rings, constrict 8, camouflage 1, gelatinous
body 1
a: no special abilities


You were on level 5 of the Dungeon.
You were not hungry.

You visited 1 branch of the dungeon, and saw 5 of its levels.

You collected 397 gold pieces.

Inventory:

Hand Weapons
 d - a +2 mace of protection (weapon)
 t - a +0 greatsling
Missiles
 j - 123 stones (quivered)
Jewellery
 e - a ring of wizardry (right tentacle)
 g - an amulet of regeneration (around mantle)
 h - a +4 ring of protection (on tentacle)
 u - a cursed ring of teleportation (left tentacle)
Wands
 s - a wand of random effects (48/48)
Scrolls
 c - a scroll of enchant weapon
 i - 3 scrolls of identify
 l - a scroll of amnesia
 m - 4 scrolls of teleportation
 p - 3 scrolls of recharging
Potions
 q - 2 potions of lignification
 r - a potion of resistance
 v - a potion of flight {unknown}
 w - a potion of curing {unknown}
Comestibles
 a - 2 bread rations
 b - a slice of pizza
 f - 2 meat rations
 k - a royal jelly
 n - a chunk of flesh
 o - a beef jerky


   Skills:
 - Level 3.0 Fighting
 + Level 5.7 Dodging
 - Level 2.6 Stealth
 + Level 6.0 Unarmed Combat


You had 5 spell levels left.
You didn't know any spells.

Dungeon Overview and Level Annotations

Branches:
Dungeon (5/15)
 Temple: D:4-7

Altars:
Dithmenos
Pakellas
Xom


Innate Abilities, Weirdness & Mutations

You cannot wear most types of armour.
You are amphibious.
You can wear up to eight rings at the same time.
You can use your tentacles to constrict eight enemies at once.
Your skin changes colour to match your surroundings (Stealth).
Your rubbery body absorbs attacks (AC +1).


Message History

You barely miss the ogre. You squeeze the ogre.
The ogre is moderately wounded.
The ogre closely misses you.
You barely miss the ogre.
The ogre is moderately wounded.
The ogre hits you with a giant spiked club!!
Ouch! That really hurt!
* * * LOW HITPOINT WARNING * * *
You are too injured to fight recklessly!
You hit the ogre but do no damage.
The ogre is moderately wounded.
The ogre completely misses you.
You closely miss the ogre. Your squeeze misses the ogre.
The ogre is moderately wounded.
The ogre barely misses you.
You hit the ogre.
The ogre is heavily wounded.
The ogre hits you with a giant spiked club!!
Ouch! That really hurt!
You die...

. .....##..###..## .
..... .....###..#..### .
...........##.....##. .
#...#................ .
#...#....##.........# #
####...#...####..._...##
............##.........#
#...O................
#...@......##.....##.
#......##.###..#..###
####...##.##..###..##
#.?.†......###....
#...#.......#..###
#...######.....# #.$.#
####### #...# #####


You could see an ogre.

Vanquished Creatures
  An ogre (D:4)
  A giant frog skeleton (D:4)
  An orc wizard (D:4)
  An iguana (D:4)
  A worker ant (D:5)
  A hound skeleton (D:4)
  8 adders
  A shadow imp (D:3)
  An ooze (D:2)
  An adder skeleton (D:4)
  2 worms
  2 dart slugs
  6 giant geckos
  4 orcs
  A ball python (D:2)
  3 giant cockroaches
  13 goblins
  3 hobgoblins (D:1)
  2 quokkas
  7 bats
  2 giant newts
  5 kobolds
  7 rats
  A butterfly (D:3)
75 creatures vanquished.

Notes
Turn   | Place    | Note
--------------------------------------------------------------
     0 | D:1      | Jerry the Octopode Monk began the quest for the Orb.
     0 | D:1      | Reached XP level 1. HP: 16/16 MP: 1/1
   367 | D:1      | Reached XP level 2. HP: 21/21 MP: 2/2
   850 | D:2      | Reached XP level 3. HP: 11/26 MP: 3/3
   878 | D:2      | HP: 1/26 [poisoned by an adder]
  1437 | D:2      | Reached XP level 4. HP: 27/31 MP: 4/4
  1641 | D:2      | HP: 1/31 [poisoned by a goblin]
  2447 | D:3      | Reached skill level 5 in Unarmed Combat
  2494 | D:3      | Found an oddly glowing altar of Pakellas.
  2506 | D:3      | Reached XP level 5. HP: 30/36 MP: 5/5
  2727 | D:3      | Found a shimmering altar of Xom.
  3383 | D:4      | Reached skill level 5 in Dodging
  3388 | D:4      | Reached XP level 6. HP: 26/42 MP: 6/6
  3599 | D:4      | Reached skill level 6 in Unarmed Combat
  3835 | D:5      | Entered Level 5 of the Dungeon
  3854 | D:5      | Found a shadowy altar of Dithmenos.
  3902 | D:5      | Mangled by an ogre

Skill      XL: |  1  2  3  4  5  6 |
---------------+-------------------+-----
Dodging        | 4 5 |  5.7
Unarmed Combat | 5 6 |  6.0
Fighting       | |  3.0
Stealth        | |  2.6

Action                   |  1- 3 |  4- 6 || total
-------------------------+-------+-------++-------
Melee: Unarmed           |     8 |     4 ||    12
       Mace              |    37 |   104 ||   141
       Constrict         |    10 |    27 ||    37
       Tentacles         |     8 |    21 ||    29
       Punch             |     1 |     9 ||    10
 Fire: Greatsling        |       |    16 ||    16
Throw: Stone             |     3 |     2 ||     5
  Use: Potion            |       |     1 ||     1
       Scroll            |       |    11 ||    11
 Stab: Sleeping          |     7 |    18 ||    25
       Distracted        |     1 |       ||     1
  Eat: Chunk             |       |     9 ||     9
Armor: Skin              |     7 |    27 ||    34
Dodge: Dodged            |    25 |    78 ||   103
